 Dungeon Crawl Stone Soup version 0.28-a0-1002-gf00fe891ef (webtiles) character file.

Game seed: 792240621848638503

235 fragbeetle the Ruffian (level 5, -1/40 HPs)
             Began as a Draconian Transmuter on Dec 7, 2021.
             Succumbed to Crazy Yiuf's poison
             ... on level 4 of the Dungeon.
             The game lasted 00:11:17 (2977 turns).

fragbeetle the Ruffian (Draconian Transmuter)       Turns: 2977, Time: 00:11:18

Health: -1/40      AC:  2    Str: 14    XL:     5   Next: 76%
Magic:  4/9        EV: 24    Int: 13    God:
Gold:   130        SH:  0    Dex: 17    Spells: 6/10 levels left

rFire   . . .      SeeInvis .     - Unarmed
rCold   . . .      Faith    .   (shield currently unavailable)
rNeg    . . .      Spirit   .   (armour unavailable)
rPois   x          Reflect  .   (helmet currently unavailable)
rElec   .          Harm     .   (cloak currently unavailable)
rCorr   .          Rampage  .   (gloves currently unavailable)
Will    .....                   (boots currently unavailable)
Stlth   ++........              (no amulet)
HPRegen 0.13/turn               (no ring)
MPRegen 0.11/turn               (no ring)

@: agile, lethally poisoned (-1 -> -13), spider-form (expiring), very slightly
contaminated
A: venomous fangs, AC +5, tiny, unfitting armour, (cold-blooded)
a: End Transformation


You were on level 4 of the Dungeon.
You were a venomous arachnid creature.
You visited 1 branch of the dungeon, and saw 4 of its levels.

You collected 130 gold pieces.

Inventory:

Missiles
 e - 5 javelins
 j - 5 boomerangs
Armour
 g - a scarf of harm
 i - a +0 kite shield
Magical Staves
 k - a staff of cold
Jewellery
 b - a ring of protection from cold
Scrolls
 a - 2 scrolls of enchant weapon
 d - 4 scrolls of identify
 h - a scroll of fog {unknown}
 m - a scroll of immolation {unknown}
 n - 2 scrolls of teleportation
Potions
 c - 3 potions of degeneration
 l - a potion of mutation


   Skills:
 + Level 1.1 Fighting
 + Level 2.5 Dodging
 + Level 0.1 Stealth
 * Level 4.5 Unarmed Combat
 + Level 3.2 Spellcasting
 * Level 3.4 Transmutations


You had 6 spell levels left.
You knew the following spells:

 Your Spells              Type           Power      Damage    Failure   Level
a - Beastly Appendage     Tmut           22%        N/A       16%         1
b - Spider Form           Tmut/Pois      6%         N/A       54%         3

Your spell library contained the following spells:

 Spells                   Type           Power      Damage    Failure   Level
 Wereblood                Tmut           11%        N/A       22%         2
 Ice Form                 Ice/Tmut       6%         N/A       88%         4


Dungeon Overview and Level Annotations

Branches:
Dungeon (4/15)
 Temple: D:4-7

Altars:


Innate Abilities, Weirdness & Mutations

You are a venomous arachnid creature.
You have poisonous fangs.
You are tiny and dextrous.
Your spellcasting is less reliable in this form.
Your armour is entirely melded.
You are incapable of wielding weapons or throwing items.
((Your plain brown scales are hard. (AC +5)))
You cannot fit into any form of body armour.
((You are cold-blooded and may be slowed by cold attacks.))


Message History

Confirm with . or Enter, or press ? or * to list all spells.
The spell is quite dangerous to miscast (34% risk of failure)!
Continue anyway?
You turn into a venomous arachnid creature.
Crazy Yiuf says, "Candle!"
You open the door. You hit Crazy Yiuf.
Crazy Yiuf is lightly wounded.
Crazy Yiuf closely misses you.
You hit Crazy Yiuf but do no damage.
Crazy Yiuf is poisoned.
Crazy Yiuf is lightly wounded.
Crazy Yiuf hits you with a +4 quarterstaff of chaos!
You feel agile all of a sudden.
You hit Crazy Yiuf.
Crazy Yiuf is moderately wounded.
Crazy Yiuf hits you with a +4 quarterstaff of chaos!
You are lethally poisoned!
You bite Crazy Yiuf!
Crazy Yiuf looks as sick as possible!
Crazy Yiuf is severely wounded.
You feel very sick.
You kill Crazy Yiuf!
* * * LOW HITPOINT WARNING * * *
You feel very sick.
There is an open translucent door, spattered with blood here.
Things that are here:
a +4 quarterstaff of chaos; a +0 cloak; the gnoll corpse of Crazy Yiuf Your transformation is almost over.
* * * LOW HITPOINT WARNING * * *
You feel very sick.
There is a lethal amount of poison in your body!
Okay, then.
Okay, then.
* * * LOW HITPOINT WARNING * * *
You feel very sick.
There is an open translucent door, spattered with blood here.
Things that are here:
a +4 quarterstaff of chaos; a +0 cloak; the gnoll corpse of Crazy Yiuf
Okay, then.
As you read the scroll labelled PAL XU MUZXING, it crumbles to dust.
You feel a surge of unholy energy.
It was a scroll of torment.
You die...

#.# #....#
#.# ♣..))♣
#.# ♣♣...♣
#.# ♣♣.♣♣
#.# ♣♣.♣ #.#
♣.♣♣ # #.#
♣♣.♣
.#########.#
♣.♣♣
..)........#
##s##
.#.#########
#...#
.#.#########
#...#
...........#
#)..#
.#........##
#####
.########.#
. #.# ### .
#.# #.# #.#
#.#


There were no monsters in sight!

Vanquished Creatures
  A hound (D:4)
  Crazy Yiuf (D:4)
  An orc wizard (D:1)
  3 gnolls
  5 adders
  A worm (D:3)
  5 dart slugs
  3 orcs (D:2)
  4 bats
  3 endoplasms
  2 giant cockroaches
  5 goblins
  7 hobgoblins
  A jackal (D:2)
  6 kobolds
  4 quokkas
  6 ball pythons
  6 frilled lizards
  8 rats
72 creatures vanquished.

Notes
Turn   | Place    | Note
-------+----------+-------------------------------------------
     0 | D:1      | fragbeetle the Draconian Transmuter began the quest for the
                  | Orb.
     0 | D:1      | Reached XP level 1. HP: 16/16 MP: 3/3
   103 | D:1      | Reached XP level 2. HP: 23/23 MP: 3/5
   637 | D:1      | Reached XP level 3. HP: 28/28 MP: 4/6
   989 | D:2      | Reached skill level 4 in Unarmed Combat
   989 | D:2      | Reached XP level 4. HP: 3/35 MP: 5/7
  1564 | D:1      | Learned a level 3 spell: Spider Form
  1832 | D:2      | Reached XP level 5. HP: 33/40 MP: 7/9
  2209 | D:3      | Found a faded altar of an unknown god.
  2963 | D:4      | Found a runed translucent door.
  2964 | D:4      | Noticed Crazy Yiuf
  2973 | D:4      | Killed Crazy Yiuf
  2976 | D:4      | HP: 1/40 [poisoned by Crazy Yiuf]
  2977 | D:4      | Succumbed to Crazy Yiuf's poison

Illustrated notes

Levels and vault maps discovered:
D:1:      dpeg_arrival_three_same_balls, layout_basic
D:2:      layout_rooms, minmay_3d_cube
D:3:      layout_loops_ring, hellmonk_ecumenical_altar_pennies_from_heaven,
          minmay_fractal_squares_gapless_5
D:4:      layout_loops_ring, palyth_stone_intersect, uniq_crazy_yiuf_cottage

Skill      XL: |  1  2  3  4  5 |
---------------+----------------+-----
Dodging        | 2 |  2.5
Unarmed Combat | 4 |  4.5
Spellcasting   | 3 |  3.2
Transmutations | 3 |  3.4
Fighting       | |  1.1
Stealth        | |  0.1

Action                   |  1- 3 |  4- 6 || total
-------------------------+-------+-------++-------
Melee: Unarmed           |    95 |   126 ||   221
       Kick              |    20 |    12 ||    32
       Headbutt          |    10 |    11 ||    21
       Tailslap          |     7 |    11 ||    18
       Punch             |     1 |     2 ||     3
 Cast: Beastly Appendage |    21 |    26 ||    47
       Spider Form       |       |     3 ||     3
  Use: Potion            |       |     2 ||     2
       Scroll            |       |     5 ||     5
 Stab: Sleeping          |       |     1 ||     1
Armor: Skin              |    18 |    33 ||    51
Dodge: Dodged            |    50 |    66 ||   116
Block: Kite shield       |       |     5 ||     5

Table legend: (Time is in decaauts)
 A = Elapsed time spent in this place.
 B = Non-inter-level travel time spent in this place.
 C = Inter-level travel time spent in this place.
 D = Time resting spent in this place.
 E = Time spent auto-exploring this place.
 F = Levels seen in this place.
 G = Mean time per level.
                   A        B        C        D        E       F      G
               +--------+--------+--------+--------+--------+-----+--------+
         Total |   2968 |   2930 |     38 |    402 |   1490 |   4 |  742.0 |
       Dungeon |   2968 |   2930 |     38 |    402 |   1490 |   4 |  742.0 |
               +--------+--------+--------+--------+--------+-----+--------+

Top non-repeatable levels by time:
     D:1: 1079 daAuts
     D:2: 1073 daAuts
     D:3: 728 daAuts
     D:4: 87 daAuts
